[Event "HUN-ch U8-U18 2019"]
[Site "Balatonlelle"]
[Date "2019.06.24"]
[Round "4.1"]
[White "Toth, Kincso"]
[Black "Gombocz, Zsofia"]
[Result "0-1"]
[ECO "C54"]
[WhiteElo "1494"]
[BlackElo "2077"]
[Annotator "NA"]
[PlyCount "84"]
[EventDate "2019.06.21"]
[EventType "swiss"]
[EventCountry "HUN"]
[SourceTitle "playchess.com"]
[Source "ChessBase"]
[SourceQuality "1"]
[TimeControl "40/5400+30:1800+30"]

1. e4 e5 2. Nf3 Nc6 3. Bc4 Bc5 4. c3 Nf6 5. d3 a6 6. Bb3 Ba7 7. h3 d5 8. exd5 Nxd5 9. O-O O-O 10. Re1 Re8 11. Na3 f6 12. Nc4 Be6 13. Ne3 Nf4 14. Bc2 Qd7 15. Nc4 Nd5 16. Bd2 Rad8 17. Be3 b5 18. Bxa7 Nxa7 19. Ne3 Nf4 20. d4 Qc6 21. Bb3 e4 22. Nh2 Kh8 23. Bxe6 Qxe6 24. Qg4 Nd3 25. Re2 Qxg4 26. Nhxg4 h5 27. Nh2 Nc6 28. Nhf1 g6 29. g3 f5 30. Ng2 g5 31. h4 f4 32. Rd2 Rg8 33. Kh2 Rdf8 34. Rad1 Ne7 35. hxg5 Rxg5 36. Ne1 fxg3+ 37. Nxg3 Nxf2 38. Rc1 Ng4+ 39. Kh3 Nf2+ 40. Kh2 h4 41. Ne2 Nd5 42. Ng2 h3 0-1

[Event "HUN-ch U8-U18 2019"]
[Site "Balatonlelle"]
[Date "2019.06.24"]
[Round "4.2"]
[White "Ivan, Reka Gyongyver"]
[Black "Pasti, Anna"]
[Result "1/2-1/2"]
[ECO "D00"]
[WhiteElo "1619"]
[BlackElo "1955"]
[Annotator "NA"]
[PlyCount "118"]
[EventDate "2019.06.21"]
[EventType "swiss"]
[EventCountry "HUN"]
[SourceTitle "playchess.com"]
[Source "ChessBase"]
[SourceQuality "1"]
[TimeControl "40/5400+30:1800+30"]

1. d4 d5 2. Bf4 c5 3. e3 Nc6 4. c3 Nf6 5. Nd2 Bf5 6. Ngf3 Nh5 7. Nh4 Nxf4 8. Nxf5 Ng6 9. Bd3 e6 10. Ng3 Bd6 11. Qh5 Nh4 12. O-O g6 13. Qg4 h5 14. Qe2 Nf5 15. dxc5 Bxc5 16. e4 Nxg3 17. hxg3 d4 18. Nb3 Bb6 19. cxd4 h4 20. Qg4 hxg3 21. Qxg3 Bc7 22. e5 Qd5 23. Bxg6 O-O-O 24. Bxf7 Rdf8 25. Bg6 Ne7 26. Nc5 Rfg8 27. Be4 Qxd4 28. Qc3 Qxc3 29. bxc3 Bxe5 30. Bxb7+ Kc7 31. g3 Nf5 32. Bg2 Rg6 33. Rab1 Nd6 34. c4 Bd4 35. Ne4 Nf5 36. Rb3 Rb8 37. Rxb8 Kxb8 38. Rb1+ Kc7 39. Rb3 Nd6 40. Nxd6 Kxd6 41. Rf3 Kc5 42. Bf1 e5 43. Kg2 Ra6 44. g4 Rxa2 45. g5 e4 46. Rf5+ Kb4 47. g6 e3 48. Kf3 Rxf2+ 49. Ke4 Rxf5 50. Kxf5 a5 51. Ke4 Kc5 52. g7 Bxg7 53. Kxe3 Kb4 54. Bh3 a4 55. Be6 Kc5 56. Bf5 a3 57. Bb1 Kb4 58. Ba2 Kc3 59. c5 Bd4+ 1/2-1/2

[Event "HUN-ch U8-U18 2019"]
[Site "Balatonlelle"]
[Date "2019.06.24"]
[Round "4.2"]
[White "Nandin-Erdene, Davaademberel"]
[Black "Suli, Henrietta"]
[Result "1-0"]
[ECO "C54"]
[WhiteElo "1581"]
[BlackElo "1107"]
[Annotator "NA"]
[PlyCount "103"]
[EventDate "2019.06.21"]
[EventType "swiss"]
[EventCountry "HUN"]
[SourceTitle "playchess.com"]
[Source "ChessBase"]
[SourceQuality "1"]
[TimeControl "40/5400+30:1800+30"]

1. e4 e5 2. Nf3 Nc6 3. Bc4 Bc5 4. c3 Nf6 5. d4 exd4 6. e5 Ne4 7. Bd5 f5 8. cxd4 Bb4+ 9. Nbd2 Ne7 10. Bb3 d5 11. O-O O-O 12. Nxe4 fxe4 13. Nd2 Bf5 14. Qe2 Kh8 15. Qb5 a5 16. a3 Bd7 17. Qe2 Bxd2 18. Bxd2 Be6 19. f3 Nf5 20. Bc3 e3 21. Bc2 Qg5 22. f4 Qg6 23. Bxf5 Rxf5 24. Qxe3 Rh5 25. Qg3 Qf5 26. Rac1 Ra6 27. Qf3 Bf7 28. Be1 Rg6 29. Rxc7 Rh3 30. Bg3 Rhh6 31. Qd3 Qxd3 32. Rc8+ Bg8 33. f5 Rxg3 34. hxg3 Qxg3 35. Rf2 Qe3 36. Rf8 Rh4 37. f6 Rf4 38. fxg7+ Kxg7 39. R8xf4 Be6 40. Rf6 Bd7 41. Rf7+ Kg6 42. Rxd7 Qxd4 43. Rd6+ Kg5 44. Rdf6 Qxe5 45. Rf7 h5 46. Rxb7 Qd4 47. Rb3 Qd1+ 48. Kh2 Qxb3 49. Rd2 Kf4 50. Rf2+ Ke3 51. Rf3+ Kd2 52. Rxb3 1-0

[Event "HUN-ch U8-U18 2019"]
[Site "Balatonlelle"]
[Date "2019.06.24"]
[Round "4.3"]
[White "Juhasz, Judit"]
[Black "Lukacs, Anna Kata"]
[Result "0-1"]
[ECO "C03"]
[WhiteElo "1963"]
[BlackElo "1915"]
[Annotator "NA"]
[PlyCount "60"]
[EventDate "2019.06.21"]
[EventType "swiss"]
[EventCountry "HUN"]
[SourceTitle "playchess.com"]
[Source "ChessBase"]
[SourceQuality "1"]
[TimeControl "40/5400+30:1800+30"]

1. e4 e6 2. d4 d5 3. Nd2 Be7 4. Bd3 c5 5. exd5 Qxd5 6. Ngf3 cxd4 7. Bc4 Qh5 8. Ne4 Nc6 9. O-O Nf6 10. Re1 Nxe4 11. Rxe4 Bf6 12. g4 Qc5 13. g5 Qxc4 14. gxf6 gxf6 15. Nxd4 Rg8+ 16. Kh1 Qd5 17. f3 e5 18. Be3 Bh3 19. Qd2 Bg2+ 20. Qxg2 Rxg2 21. Kxg2 O-O-O 22. Ne2 Rg8+ 23. Kf2 f5 24. Nc3 Qe6 25. Rh4 Qg6 26. Ke1 Qg2 27. Rd1 Qxf3 28. Bf2 Nd4 29. Bxd4 exd4 30. Ne2 Rg2 0-1

[Event "HUN-ch U8-U18 2019"]
[Site "Balatonlelle"]
[Date "2019.06.24"]
[Round "4.3"]
[White "Kovacs, Reka"]
[Black "Deak-Sala, Emilia"]
[Result "1-0"]
[ECO "B38"]
[WhiteElo "1318"]
[BlackElo "1415"]
[Annotator "NA"]
[PlyCount "67"]
[EventDate "2019.06.21"]
[EventType "swiss"]
[EventCountry "HUN"]
[SourceTitle "playchess.com"]
[Source "ChessBase"]
[SourceQuality "1"]
[TimeControl "40/5400+30:1800+30"]

1. e4 c5 2. Nf3 Nc6 3. d4 cxd4 4. Nxd4 g6 5. c4 Bg7 6. Be3 Nf6 7. Nc3 O-O 8. Be2 d6 9. O-O Bd7 10. f3 Nxd4 11. Bxd4 Bc6 12. Qd2 a5 13. b3 a4 14. b4 Bd7 15. Rac1 Be6 16. Rfd1 a3 17. Nb5 Bd7 18. Nc3 Be6 19. Bf1 Nd7 20. Be3 Ne5 21. Nb1 Nd7 22. Nc3 Ne5 23. Nb5 Bd7 24. Nd4 Nc6 25. Nb5 Ra4 26. c5 Rxb4 27. cxd6 e6 28. Rxc6 Rxb5 29. Bxb5 bxc6 30. Bc4 Qh4 31. Bg5 Qh5 32. Be2 Bc3 33. Qe3 Bf6 34. f4 1-0

[Event "HUN-ch U8-U18 2019"]
[Site "Balatonlelle"]
[Date "2019.06.24"]
[Round "4.4"]
[White "Gabor, Maria"]
[Black "Toth, Lili"]
[Result "1-0"]
[ECO "C54"]
[WhiteElo "1308"]
[BlackElo "1523"]
[Annotator "NA"]
[PlyCount "89"]
[EventDate "2019.06.21"]
[EventType "swiss"]
[EventCountry "HUN"]
[SourceTitle "playchess.com"]
[Source "ChessBase"]
[SourceQuality "1"]
[TimeControl "40/5400+30:1800+30"]

1. e4 e5 2. Nf3 Nc6 3. Bc4 Bc5 4. c3 Nf6 5. d3 d6 6. a4 a5 7. Bg5 h6 8. Be3 Bxe3 9. fxe3 Qe7 10. Nbd2 Bd7 11. Qe2 Bg4 12. Qf2 Rd8 13. Qg3 g6 14. O-O Be6 15. Bxe6 Qxe6 16. d4 Nh5 17. Qh4 Qe7 18. Qf2 exd4 19. exd4 O-O 20. Qe3 Kh7 21. Rf2 f5 22. Re1 Rfe8 23. Qd3 fxe4 24. Nxe4 Qd7 25. h3 Nf4 26. Qd2 Nh5 27. g4 Rxe4 28. Rxe4 Nf6 29. Rf4 Rf8 30. g5 hxg5 31. Nxg5+ Kg7 32. d5 Nd8 33. Qd4 Qe7 34. Ne4 c5 35. dxc6 Nxc6 36. Qxd6 Qxd6 37. Nxd6 Nh7 38. Rxf8 Nxf8 39. Rf7+ Kg8 40. Rxb7 Ne6 41. Rb6 Ned8 42. Nb7 Kf7 43. Nxd8+ Nxd8 44. Ra6 Ne6 45. Rxa5 1-0

[Event "HUN-ch U8-U18 2019"]
[Site "Balatonlelle"]
[Date "2019.06.24"]
[Round "4.5"]
[White "Ongut, Tamas Gunes"]
[Black "Karacsonyi, Gellert"]
[Result "1/2-1/2"]
[ECO "D61"]
[WhiteElo "2120"]
[BlackElo "2304"]
[Annotator "NA"]
[PlyCount "74"]
[EventDate "2019.06.21"]
[EventType "swiss"]
[EventCountry "HUN"]
[SourceTitle "playchess.com"]
[Source "ChessBase"]
[SourceQuality "1"]
[TimeControl "40/5400+30:1800+30"]

1. d4 e6 2. c4 Nf6 3. Nf3 d5 4. Bg5 Be7 5. e3 O-O 6. Qc2 Nbd7 7. Nc3 h6 8. cxd5 exd5 9. Bf4 c5 10. dxc5 Nxc5 11. Be2 Bg4 12. O-O Rc8 13. Nd4 Bxe2 14. Qxe2 Nce4 15. Nxe4 dxe4 16. Rfd1 Qa5 17. Qb5 Qxb5 18. Nxb5 Rc2 19. Rab1 Rfc8 20. h3 a6 21. Nd4 R2c5 22. Nb3 Rc2 23. Nd4 R2c5 24. Nb3 Rc2 25. Be5 R2c4 26. Nd2 Rc2 27. Nb3 R2c4 28. Kf1 b5 29. Nd2 Rc2 30. Nb3 R2c4 31. a3 h5 32. Nd2 Rc2 33. Nb3 R2c4 34. Bd6 Kf8 35. Be5 g6 36. Nd2 Rc2 37. Nb3 R2c4 1/2-1/2

[Event "HUN-ch U8-U18 2019"]
[Site "Balatonlelle"]
[Date "2019.06.24"]
[Round "4.6"]
[White "Baski, Barnabas"]
[Black "Dibusz, Domonkos"]
[Result "1/2-1/2"]
[ECO "A06"]
[WhiteElo "2108"]
[BlackElo "2067"]
[Annotator "NA"]
[PlyCount "80"]
[EventDate "2019.06.21"]
[EventType "swiss"]
[EventCountry "HUN"]
[SourceTitle "playchess.com"]
[Source "ChessBase"]
[SourceQuality "1"]
[TimeControl "40/5400+30:1800+30"]

1. Nf3 d5 2. g3 Nf6 3. Bg2 c6 4. O-O Bf5 5. d3 e6 6. c4 Nbd7 7. cxd5 cxd5 8. Nc3 Be7 9. Re1 Bg6 10. h3 O-O 11. Bf4 a6 12. e4 dxe4 13. dxe4 Bb4 14. Ne5 Nxe5 15. Bxe5 Nd7 16. Bd6 Bxd6 17. Qxd6 Nb6 18. Qxd8 Rfxd8 19. e5 Nc4 20. b3 Na5 21. b4 Nc6 22. Bxc6 bxc6 23. Rad1 Rdc8 24. Rd6 Rab8 25. a3 c5 26. bxc5 Rxc5 27. Re3 Ra5 28. Ne2 Kf8 29. Nd4 Rd5 30. Rxd5 exd5 31. f4 Be4 32. Rb3 Rc8 33. Kf2 Rc4 34. Ke3 a5 35. Ne2 a4 36. Rb8+ Ke7 37. Rb7+ Ke8 38. Rb8+ Ke7 39. Rb7+ Ke8 40. Rb8+ Ke7 1/2-1/2

[Event "HUN-ch U8-U18 2019"]
[Site "Balatonlelle"]
[Date "2019.06.24"]
[Round "4.6"]
[White "Molnar, Dalma Reka"]
[Black "Szarvas, Nora"]
[Result "0-1"]
[ECO "C64"]
[WhiteElo "1139"]
[BlackElo "1258"]
[Annotator "NA"]
[PlyCount "126"]
[EventDate "2019.06.21"]
[EventType "swiss"]
[EventCountry "HUN"]
[SourceTitle "playchess.com"]
[Source "ChessBase"]
[SourceQuality "1"]
[TimeControl "40/5400+30:1800+30"]

1. e4 e5 2. Nf3 Nc6 3. Bb5 Bc5 4. c3 a6 5. Ba4 b5 6. Bb3 Nf6 7. d3 h6 8. O-O d6 9. h3 Qe7 10. Be3 Ba7 11. Nbd2 Be6 12. d4 exd4 13. cxd4 Bxb3 14. Qxb3 O-O 15. Rac1 Nd8 16. Qd3 Bb6 17. d5 Re8 18. Bxb6 cxb6 19. Rfe1 Qb7 20. Rc2 Rc8 21. Rec1 Rxc2 22. Rxc2 Qe7 23. e5 dxe5 24. d6 Qe6 25. Rc7 e4 26. Nxe4 Qxe4 27. Qxe4 Rxe4 28. d7 Re7 29. Ra7 Rxd7 30. Rxa6 Nd5 31. Nd4 Nb4 32. Rxb6 Rxd4 33. Rxb5 Nxa2 34. Ra5 Nb4 35. Ra1 Nc2 36. Rb1 Re4 37. b3 Re1+ 38. Rxe1 Nxe1 39. b4 Nb7 40. Kf1 Nd3 41. b5 Kf8 42. Ke2 Nf4+ 43. Kd2 Nxg2 44. Kc3 Ke7 45. Kc4 Kd6 46. Kb4 Nf4 47. h4 Ng2 48. h5 Nf4 49. Kc4 Nxh5 50. Kd4 f5 51. Ke3 g5 52. Kf3 g4+ 53. Kg2 Kc5 54. f3 Kd5 55. fxg4 fxg4 56. Kf2 Ke4 57. Ke2 g3 58. Kf1 Kf3 59. b6 g2+ 60. Kg1 Nf6 61. Kh2 Kf2 62. Kh3 g1=Q 63. Kh4 Qg4# 0-1

[Event "HUN-ch U8-U18 2019"]
[Site "Balatonlelle"]
[Date "2019.06.24"]
[Round "4.7"]
[White "Tapodi, Norman Lajos"]
[Black "Leszko, Bence"]
[Result "1-0"]
[ECO "A13"]
[WhiteElo "2043"]
[BlackElo "2135"]
[Annotator "NA"]
[PlyCount "125"]
[EventDate "2019.06.21"]
[EventType "swiss"]
[EventCountry "HUN"]
[SourceTitle "playchess.com"]
[Source "ChessBase"]
[SourceQuality "1"]
[TimeControl "40/5400+30:1800+30"]

1. c4 e6 2. g3 Nf6 3. Bg2 d5 4. Nf3 d4 5. O-O c5 6. e3 Nc6 7. exd4 cxd4 8. d3 Bd6 9. Bg5 h6 10. Bxf6 Qxf6 11. Nbd2 Qe7 12. a3 a5 13. Rc1 O-O 14. Ne4 Bc7 15. c5 f5 16. Ned2 e5 17. Re1 Qf7 18. Nc4 Re8 19. b4 axb4 20. axb4 e4 21. dxe4 fxe4 22. Nxd4 Ra2 23. Rf1 Nxd4 24. Qxd4 Rd8 25. Nd6 Bxd6 26. cxd6 Ra6 27. Bxe4 Be6 28. Rfd1 Qd7 29. Rc7 Qxc7 30. dxc7 Rxd4 31. Rxd4 Ra1+ 32. Kg2 Rc1 33. Bxb7 Rxc7 34. Bd5 Bxd5+ 35. Rxd5 Rc4 36. Rb5 Kf7 37. Rb7+ Kg6 38. b5 Rb4 39. b6 Rb3 40. Rb8 Rb4 41. b7 Kh5 42. h3 Kg6 43. g4 Rb3 44. h4 Rb4 45. Kg3 Rb3+ 46. f3 Rb1 47. f4 Rb3+ 48. Kf2 Rb4 49. Ke3 Rb3+ 50. Kd2 Rb2+ 51. Kc3 Rb1 52. f5+ Kh7 53. g5 hxg5 54. hxg5 g6 55. f6 Rc1+ 56. Kd2 Rd1+ 57. Ke3 Re1+ 58. Kd4 Rd1+ 59. Ke5 Rd5+ 60. Ke6 Rd6+ 61. Ke7 Rd7+ 62. Ke8 Rf7 63. Rd8 1-0

[Event "HUN-ch U8-U18 2019"]
[Site "Balatonlelle"]
[Date "2019.06.24"]
[Round "4.8"]
[White "Pasti, Aron"]
[Black "Pater, Peter"]
[Result "1/2-1/2"]
[ECO "A55"]
[WhiteElo "2193"]
[BlackElo "1901"]
[Annotator "NA"]
[PlyCount "47"]
[EventDate "2019.06.21"]
[EventType "swiss"]
[EventCountry "HUN"]
[SourceTitle "playchess.com"]
[Source "ChessBase"]
[SourceQuality "1"]
[TimeControl "40/5400+30:1800+30"]

1. c4 Nf6 2. Nc3 d6 3. d4 e5 4. Nf3 Nbd7 5. e4 g6 6. Be2 Bg7 7. Be3 O-O 8. d5 Nc5 9. Nd2 a5 10. g4 Ne8 11. h4 f5 12. h5 f4 13. Bxc5 dxc5 14. hxg6 hxg6 15. f3 Bf6 16. Kf2 Bh4+ 17. Kg2 Nd6 18. Qg1 b6 19. Qh2 g5 20. Qg1 Bd7 21. a4 Kg7 22. Nf1 Rh8 23. b3 Rh6 24. Nd2 1/2-1/2

[Event "HUN-ch U8-U18 2019"]
[Site "Balatonlelle"]
[Date "2019.06.24"]
[Round "4.8"]
[White "Papp, Bence"]
[Black "Fodor, Kornel"]
[Result "1-0"]
[ECO "B47"]
[WhiteElo "2094"]
[BlackElo "1926"]
[Annotator "NA"]
[PlyCount "85"]
[EventDate "2019.06.21"]
[EventType "swiss"]
[EventCountry "HUN"]
[SourceTitle "playchess.com"]
[Source "ChessBase"]
[SourceQuality "1"]
[TimeControl "40/5400+30:1800+30"]

1. e4 c5 2. Nf3 e6 3. d4 cxd4 4. Nxd4 Nc6 5. Nc3 Qc7 6. Ndb5 Qb8 7. Be3 a6 8. Bb6 axb5 9. Nxb5 Bb4+ 10. c3 Ba5 11. Nc7+ Qxc7 12. Bxc7 Bxc7 13. Qg4 g6 14. Bb5 Kf8 15. O-O Kg7 16. a4 Nf6 17. Qe2 d5 18. exd5 Nxd5 19. Rfd1 Ne5 20. Qe4 Nf6 21. Qb4 b6 22. Re1 Bb7 23. f4 Neg4 24. Rxe6 fxe6 25. Qe7+ Kh6 26. Qxc7 Ba6 27. Bxa6 Rxa6 28. h3 Nd5 29. Qb7 Rha8 30. hxg4 Nxf4 31. Qe4 g5 32. Kf2 Kg7 33. Qb7+ Kg6 34. Rh1 h6 35. Qe4+ Kg7 36. g3 Ng6 37. Qxe6 R8a7 38. Rd1 Nf8 39. Qe5+ Kh7 40. Qf6 Kg8 41. Qxh6 Ra5 42. Kg2 Rh7 43. Qxb6 1-0

[Event "HUN-ch U8-U18 2019"]
[Site "Balatonlelle"]
[Date "2019.06.24"]
[Round "4.9"]
[White "Fule, Simon"]
[Black "Kozsik, Bende Barnabas"]
[Result "1-0"]
[ECO "B41"]
[WhiteElo "2148"]
[BlackElo "2089"]
[Annotator "NA"]
[PlyCount "87"]
[EventDate "2019.06.21"]
[EventType "swiss"]
[EventCountry "HUN"]
[SourceTitle "playchess.com"]
[Source "ChessBase"]
[SourceQuality "1"]
[TimeControl "40/5400+30:1800+30"]

1. e4 c5 2. Nf3 e6 3. d4 cxd4 4. Nxd4 a6 5. c4 Nf6 6. Nc3 Bb4 7. Qf3 d6 8. Nc2 Bc5 9. b4 Ba7 10. Be3 Bxe3 11. Qxe3 O-O 12. Be2 Qc7 13. O-O Rd8 14. Rfd1 Bd7 15. Qd4 Be8 16. b5 axb5 17. cxb5 Rc8 18. Rd3 Nbd7 19. Rad1 Qc5 20. Rg3 b6 21. Nb4 Qxd4 22. Rxd4 Nc5 23. h4 Kf8 24. Na6 g6 25. Nxc5 Rxc5 26. Rxd6 Rxc3 27. Rxc3 Nxe4 28. Bf3 Nxd6 29. Bxa8 Nxb5 30. Rc8 Nd6 31. Rb8 Ke7 32. Rxb6 Ba4 33. Bc6 Bxc6 34. Rxc6 Kd7 35. Rc1 h6 36. Kf1 g5 37. hxg5 hxg5 38. Ke2 Nf5 39. a4 Nh4 40. a5 Nf5 41. a6 Nd4+ 42. Ke3 Nc6 43. Ra1 Na7 44. Rb1 1-0

[Event "HUN-ch U8-U18 2019"]
[Site "Balatonlelle"]
[Date "2019.06.24"]
[Round "4.9"]
[White "Follardt, Lorinc"]
[Black "Geher, Koppany"]
[Result "0-1"]
[ECO "A02"]
[WhiteElo "1913"]
[BlackElo "2089"]
[Annotator "NA"]
[PlyCount "44"]
[EventDate "2019.06.21"]
[EventType "swiss"]
[EventCountry "HUN"]
[SourceTitle "playchess.com"]
[Source "ChessBase"]
[SourceQuality "1"]
[TimeControl "40/5400+30:1800+30"]

1. f4 Nh6 2. b3 d5 3. Bb2 Nf5 4. e3 e6 5. Nf3 Be7 6. Be2 Bf6 7. Bxf6 Qxf6 8. Nc3 Nxe3 9. dxe3 Qxc3+ 10. Kf2 O-O 11. Bd3 Nd7 12. g4 e5 13. Bf5 exf4 14. exf4 Nf6 15. Bxc8 Raxc8 16. h3 Ne4+ 17. Kg2 Qe3 18. Qe1 Qxf4 19. Rf1 Rce8 20. Nd4 Qd2+ 21. Qxd2 Nxd2 22. Rad1 Nxf1 0-1

[Event "HUN-ch U8-U18 2019"]
[Site "Balatonlelle"]
[Date "2019.06.24"]
[Round "4.10"]
[White "Erseki, Aron"]
[Black "Palczert, Botond"]
[Result "1/2-1/2"]
[ECO "B90"]
[WhiteElo "1854"]
[BlackElo "2068"]
[Annotator "NA"]
[PlyCount "52"]
[EventDate "2019.06.21"]
[EventType "swiss"]
[EventCountry "HUN"]
[SourceTitle "playchess.com"]
[Source "ChessBase"]
[SourceQuality "1"]
[TimeControl "40/5400+30:1800+30"]

1. e4 c5 2. Nf3 d6 3. d4 cxd4 4. Nxd4 Nf6 5. Nc3 a6 6. Be3 e5 7. Nb3 Be6 8. Bg5 Be7 9. Be2 Nbd7 10. Qd2 Rc8 11. f3 h5 12. O-O-O b5 13. Kb1 Qc7 14. a3 Qb8 15. Nd5 Nxd5 16. exd5 Bf5 17. Rc1 f6 18. Be3 Nb6 19. Bxb6 Qxb6 20. Bd3 Bxd3 21. Qxd3 a5 22. Qg6+ Kd7 23. Qf5+ Kd8 24. c3 a4 25. Na1 Qb7 26. Rhd1 Qd7 1/2-1/2

[Event "HUN-ch U8-U18 2019"]
[Site "Balatonlelle"]
[Date "2019.06.24"]
[Round "4.10"]
[White "Bacsi, Kristof"]
[Black "Juhasz, Agoston"]
[Result "0-1"]
[ECO "D94"]
[WhiteElo "1695"]
[BlackElo "2161"]
[Annotator "NA"]
[PlyCount "45"]
[EventDate "2019.06.21"]
[EventType "swiss"]
[EventCountry "HUN"]
[SourceTitle "playchess.com"]
[Source "ChessBase"]
[SourceQuality "1"]
[TimeControl "40/5400+30:1800+30"]

1. d4 Nf6 2. Nf3 g6 3. c4 Bg7 4. Nc3 d5 5. e3 O-O 6. Bd3 c5 7. O-O cxd4 8. Nxd4 dxc4 9. Bxc4 a6 10. a4 Qc7 11. Be2 e5 12. Nf3 Rd8 13. Qc2 Bf5 14. Qb3 Nc6 15. Bd2 e4 16. Nd4 Nxd4 17. exd4 Rxd4 18. Be3 Rd7 19. h3 Be6 20. Qc2 Nd5 21. Qxe4 Bxc3 22. Rac1 Qe5 23. Qd4 0-1

[Event "HUN-ch U8-U18 2019"]
[Site "Balatonlelle"]
[Date "2019.06.24"]
[Round "4.11"]
[White "Virag, Balint"]
[Black "Kratzmajer, Akos Gyorgy"]
[Result "1-0"]
[ECO "B33"]
[WhiteElo "2173"]
[BlackElo "2048"]
[Annotator "NA"]
[PlyCount "59"]
[EventDate "2019.06.21"]
[EventType "swiss"]
[EventCountry "HUN"]
[SourceTitle "playchess.com"]
[Source "ChessBase"]
[SourceQuality "1"]
[TimeControl "40/5400+30:1800+30"]

1. e4 c5 2. Nf3 Nc6 3. d4 cxd4 4. Nxd4 Nf6 5. Nc3 e5 6. Ndb5 d6 7. Bg5 a6 8. Na3 b5 9. Nd5 Be7 10. Bxf6 Bxf6 11. c3 O-O 12. Nc2 Bg5 13. a4 bxa4 14. Rxa4 a5 15. b4 Be6 16. Bc4 Kh8 17. b5 Ne7 18. O-O Rc8 19. Nce3 Nxd5 20. Nxd5 Rc5 21. Qd3 Qc8 22. Nb6 Qc7 23. Bxe6 fxe6 24. Nc4 d5 25. exd5 exd5 26. Nxa5 Rxc3 27. Qxd5 Rxf2 28. Nc6 Qb6 29. Ra8+ Rf8+ 30. Nd4 1-0

[Event "HUN-ch U8-U18 2019"]
[Site "Balatonlelle"]
[Date "2019.06.24"]
[Round "4.11"]
[White "Daroczi, Donat"]
[Black "Gyenes, Mate"]
[Result "1/2-1/2"]
[ECO "C11"]
[WhiteElo "2050"]
[BlackElo "1823"]
[Annotator "NA"]
[PlyCount "84"]
[EventDate "2019.06.21"]
[EventType "swiss"]
[EventCountry "HUN"]
[SourceTitle "playchess.com"]
[Source "ChessBase"]
[SourceQuality "1"]
[TimeControl "40/5400+30:1800+30"]

1. e4 e6 2. d4 d5 3. Nc3 Nf6 4. e5 Nfd7 5. f4 c5 6. Nf3 Nc6 7. Be3 cxd4 8. Nxd4 Bc5 9. Qd2 Bxd4 10. Bxd4 Nxd4 11. Qxd4 Qb6 12. O-O-O Qxd4 13. Rxd4 Nb8 14. Rd2 Nc6 15. Bd3 Ke7 16. Re1 Bd7 17. f5 a6 18. Rf2 h5 19. Na4 Nb4 20. Nb6 Nxd3+ 21. cxd3 Raf8 22. Ref1 Bc6 23. Kd2 exf5 24. Rxf5 Rh6 25. a4 Rg6 26. g3 h4 27. gxh4 Rg4 28. R5f4 Rg2+ 29. R1f2 Rxf2+ 30. Rxf2 Rh8 31. Rf4 Rh5 32. d4 a5 33. Nc8+ Ke6 34. Nd6 f6 35. exf6 gxf6 36. Nb5 Bxb5 37. axb5 b6 38. Rg4 Rh7 39. h3 Re7 40. Rg3 Rh7 41. Re3+ Kf7 42. Kd3 Rxh4 {Ke4} 1/2-1/2

[Event "HUN-ch U8-U18 2019"]
[Site "Balatonlelle"]
[Date "2019.06.24"]
[Round "4.12"]
[White "Kovacsy, Barnabas"]
[Black "Demjen, Mark"]
[Result "1/2-1/2"]
[ECO "B19"]
[WhiteElo "2136"]
[BlackElo "1944"]
[Annotator "NA"]
[PlyCount "67"]
[EventDate "2019.06.21"]
[EventType "swiss"]
[EventCountry "HUN"]
[SourceTitle "playchess.com"]
[Source "ChessBase"]
[SourceQuality "1"]
[TimeControl "40/5400+30:1800+30"]

1. e4 c6 2. d4 d5 3. Nc3 dxe4 4. Nxe4 Bf5 5. Ng3 Bg6 6. h4 h6 7. Nf3 Nd7 8. h5 Bh7 9. Bd3 Bxd3 10. Qxd3 Ngf6 11. Bd2 e6 12. O-O-O Be7 13. Kb1 O-O 14. Ne4 Nxe4 15. Qxe4 Nf6 16. Qe2 Qd5 17. Ne5 Qe4 18. Qxe4 Nxe4 19. Be1 Rfd8 20. f3 Nf6 21. Bf2 Bd6 22. Nd3 b5 23. Bh4 Be7 24. Bxf6 Bxf6 25. c3 a5 26. Kc2 Rd5 27. g4 e5 28. dxe5 Bxe5 29. Nf2 Rad8 30. Rxd5 cxd5 31. Nd3 Bf6 32. Rd1 d4 33. Nf4 Rc8 34. Nd5 1/2-1/2

[Event "HUN-ch U8-U18 2019"]
[Site "Balatonlelle"]
[Date "2019.06.24"]
[Round "4.12"]
[White "Onodi, Tamas"]
[Black "Pervai, Laszlo"]
[Result "1-0"]
[ECO "A45"]
[WhiteElo "1684"]
[BlackElo "2033"]
[Annotator "NA"]
[PlyCount "107"]
[EventDate "2019.06.21"]
[EventType "swiss"]
[EventCountry "HUN"]
[SourceTitle "playchess.com"]
[Source "ChessBase"]
[SourceQuality "1"]
[TimeControl "40/5400+30:1800+30"]

1. d4 Nf6 2. Bf4 g6 3. e3 Bg7 4. Nf3 O-O 5. Be2 d6 6. h3 Nbd7 7. O-O Qe8 8. c3 e5 9. Bh2 Qe7 10. Nbd2 b6 11. a4 Bb7 12. a5 Rfd8 13. Re1 c5 14. Bb5 e4 15. a6 Bd5 16. c4 exf3 17. cxd5 fxg2 18. Kxg2 Nxd5 19. Nf3 Nb4 20. dxc5 Nxc5 21. e4 Nxe4 22. Kf1 d5 23. Qa4 Qc5 24. Re2 f5 25. Bf4 d4 26. Rc1 Qf8 27. Bc7 d3 28. Rxe4 fxe4 29. Bc4+ Kh8 30. Ng5 Bd4 31. Nf7+ Kg7 32. Bf4 g5 33. Bxg5 Kg6 34. Qd1 h5 35. f4 d2 36. Rb1 Qc5 37. Be6 Qc2 38. f5+ Kg7 39. Qxc2 Nxc2 40. Nxd8 Ne3+ 41. Bxe3 Bxe3 42. Nc6 Kf6 43. Ke2 Bg5 44. Rg1 h4 45. Rg4 Rh8 46. Rxe4 Rh7 47. Nb4 Rh8 48. Rd4 Re8 49. Rd7 Ke5 50. Nc6+ Kf4 51. Rd4+ Kg3 52. Rg4+ Kxh3 53. Rxg5 Kh2 54. Rg8 1-0

[Event "HUN-ch U8-U18 2019"]
[Site "Balatonlelle"]
[Date "2019.06.24"]
[Round "4.13"]
[White "Papp, Levente"]
[Black "Bohus, Adam"]
[Result "1-0"]
[ECO "A01"]
[WhiteElo "2350"]
[BlackElo "2196"]
[Annotator "NA RC"]
[PlyCount "63"]
[EventDate "2019.06.21"]
[EventType "swiss"]
[EventCountry "HUN"]
[SourceTitle "playchess.com"]
[Source "ChessBase"]
[SourceQuality "1"]
[TimeControl "40/5400+30:1800+30"]

1. b3 d5 2. Bb2 Bg4 3. Nf3 Nd7 4. e3 e5 5. h3 Bxf3 6. Qxf3 Ngf6 7. g4 h6 8. h4 e4 9. Qg2 Qe7 10. Be2 Qe6 11. d4 exd3 12. cxd3 Bb4+ 13. Nd2 O-O-O 14. g5 hxg5 15. hxg5 Rxh1+ 16. Qxh1 Ng4 17. Qh4 Bxd2+ 18. Kxd2 Nge5 19. Qh7 g6 20. Qh4 Qf5 21. Qf4 Qxf4 22. exf4 Nc6 23. Rh1 f6 24. gxf6 Rf8 25. Bg4 Kd8 26. Ba3 Nxf6 27. Bxf8 Nxg4 28. Rg1 Nxf2 29. Ke3 Nh3 30. Rg3 Ke8 31. Ba3 d4+ 32. Kf3 1-0

[Event "HUN-ch U8-U18 2019"]
[Site "Balatonlelle"]
[Date "2019.06.24"]
[Round "4.13"]
[White "Bilku, Andras"]
[Black "Csidey, Csongor"]
[Result "1/2-1/2"]
[ECO "D36"]
[WhiteElo "1907"]
[BlackElo "1708"]
[Annotator "NA"]
[PlyCount "84"]
[EventDate "2019.06.21"]
[EventType "swiss"]
[EventCountry "HUN"]
[SourceTitle "playchess.com"]
[Source "ChessBase"]
[SourceQuality "1"]
[TimeControl "40/5400+30:1800+30"]

1. d4 Nf6 2. c4 e6 3. Nc3 d5 4. cxd5 exd5 5. Bg5 c6 6. Qc2 h6 7. Bh4 Be6 8. e3 Be7 9. Bd3 Nbd7 10. Nf3 O-O 11. h3 Re8 12. O-O Qc7 13. Bg3 Qd8 14. Ne5 Nxe5 15. dxe5 Nd7 16. f4 Nc5 17. Rad1 Nxd3 18. Qxd3 g6 19. Bh2 h5 20. Qe2 h4 21. Kh1 Kg7 22. e4 Qc8 23. Qf2 dxe4 24. Nxe4 Bxa2 25. Nf6 Rh8 26. Rd7 Bxf6 27. exf6+ Kg8 28. Qd4 Bd5 29. Re7 Qxh3 30. Qxd5 Qxh2+ 31. Kxh2 cxd5 32. f5 g5 33. Kh3 Rh6 34. Kg4 Rxf6 35. Rxb7 Rb6 36. Rxb6 axb6 37. Kxg5 Ra4 38. Rd1 Rb4 39. Rd2 Kg7 40. f6+ Kh7 41. Kh5 Rf4 42. Kg5 Rb4 1/2-1/2